 Dungeon Crawl Stone Soup version 0.31-a0-187-gba352fbbf7 (webtiles) character file.

Game seed: 8983908458098333691

1895 innerfire43 the Cudgeller (level 8, 0/58 HPs)
             Began as a Demonspawn Monk on June 22, 2023.
             Slain by a yak (12 damage)
             ... on level 8 of the Dungeon.
             The game lasted 00:07:52 (6194 turns).

innerfire43 the Cudgeller (Demonspawn Monk)         Turns: 6194, Time: 00:07:52

Health: 0/58       AC:  2    Str: 14    XL:     8   Next: 93%
Magic:  8/8        EV: 10    Int: 14    God:
Gold:   169        SH:  0    Dex: 15    Spells: 7/7 levels left

rFire   . . .        k - +5 whip (elec)
rCold   . . .        j - +0 tower shield
rNeg    . . .        b - +0 robe
rPois   .            (no helmet)
rElec   .            (no cloak)
rCorr   +            (no gloves)
SInv    .            (no boots)
Will    +....        l - amulet of faith
Stlth   +            f - ring of willpower
HPRegen 0.29/turn    e - ring of resist corrosion
MPRegen 0.11/turn

%: faith
@: confused, ambrosia-drunk, hasted, very quick
A: demonic guardian 2, foul stench 2, big brain 1
a: no special abilities


You were on level 8 of the Dungeon.
You visited 1 branch of the dungeon, and saw 8 of its levels.

You collected 218 gold pieces.
You spent 49 gold pieces at shops.

Inventory:

Hand Weapons
 a - a +0 hand axe
 k - a +5 whip of electrocution (weapon)
Armour
 b - a +0 robe (worn)
 d - an orb of light
 j - a +0 tower shield (worn)
 n - the +1 pair of gloves of Honour {Harm *Corrode rElec rN++}
   (You found it on level 5 of the Dungeon)

   rElec:     It insulates you from electricity.
   rN:        It greatly protects you from negative energy.
   *Corrode:  It may corrode you when you take damage.
   Harm:      It increases damage dealt and taken.
 v - a +2 buckler
Jewellery
 e - a ring of resist corrosion (right hand)
 f - a ring of willpower (left hand)
 l - an amulet of faith (around neck)
Wands
 r - a wand of acid (6)
 s - a wand of iceblast (10)
 A - a wand of paralysis (10)
Scrolls
 i - 2 scrolls of amnesia
 o - 4 scrolls of teleportation
 p - a scroll of acquirement {unknown}
 t - a scroll of blinking
 y - a scroll of revelation
Potions
 g - a potion of brilliance
 h - 3 potions of curing
 m - 3 potions of might
 q - a potion of lignification {unknown}
 u - a potion of degeneration {unknown}
 w - a potion of cancellation {unknown}
 x - a potion of heal wounds {unknown}
 z - 2 potions of haste


   Skills:
 - Level 3.2 Fighting
 - Level 3.0(5.5) Axes
 * Level 7.2(7.5) Maces & Flails
 * Level 5.7 Dodging
 - Level 5.2 Shields


You had 7 spell levels left.
You didn't know any spells.
Your spell library contained the following spells:

 Spells                   Type           Power      Damage    Failure   Level
 Magic Dart               Conj           0%         1d3       98%         1
 Blink                    Tloc           0%         N/A       99%         2
 Lesser Beckoning         Tloc           0%         N/A       99%         2
 Momentum Strike          Conj/Tloc      0%         3d8       99%         2
 Poisonous Vapours        Pois/Air       0%         N/A       99%         2
 Searing Ray              Conj           0%         2d4       99%         2
 Static Discharge         Conj/Air       0%         2-2/arc   99%         2
 Gell's Gravitas          Tloc           0%         N/A       100%        3
 Mephitic Cloud           Conj/Pois/Air  0%         N/A       100%        3
 Teleport Other           Tloc           0%         N/A       100%        3
 Vhi's Electric Charge    Tloc/Air       0%         N/A       100%        3
 Airstrike                Air            0%         2d(0-16)  100%        4
 Cause Fear               Hex            0%         N/A       100%        4
 Fulminant Prism          Conj/Hex       0%         3d5       100%        4
 Summon Lightning Spire   Summ/Air       0%         N/A       100%        4
 Arcjolt                  Conj/Air       0%         1d10      100%        5
 Freezing Cloud           Conj/Ice/Air   0%         6-21      100%        5
 Plasma Beam              Fire/Air       0%         2x1d10    100%        6
 Dragon Form              Tmut           0%         N/A       100%        7
 Dragon's Call            Summ           0%         N/A       100%        9


Dungeon Overview and Level Annotations

Branches:
Dungeon (9/15)             Temple (0/1) D:6
   Lair: D:8-11         Orc: D:9-12

Altars:
Xom
Yredelemnul

Shops:
D:1 [   D:2 (


Innate Abilities, Weirdness & Mutations

A demonic guardian rushes to your aid.
You sometimes emit foul miasma when damaged in melee.
You have an unusually large brain. (Int +2)


Message History

The bullfrog attacks as you move away! The bullfrog hits you.
The bullfrog looks more healthy.
The bullfrog attacks as you move away! You block the bullfrog's attack.
The bullfrog attacks as you move away! The bullfrog hits you.
You hit the bullfrog.
The bullfrog is heavily wounded.
The bullfrog hits you.
* * * LOW HITPOINT WARNING * * *
You emit a cloud of foul miasma!
You barely miss the bullfrog.
The bullfrog is heavily wounded.
The bullfrog is engulfed in dark miasma.
The bullfrog is poisoned.
You block the bullfrog's attack.
You hit the bullfrog.
The bullfrog is severely wounded.
The bullfrog is engulfed in dark miasma.
The bullfrog looks even sicker.
The bullfrog seems to slow down.
The bullfrog hits you.
* * * LOW HITPOINT WARNING * * *
You completely miss the bullfrog.
The bullfrog is almost dead.
The bullfrog is no longer moving slowly.
The bullfrog is engulfed in dark miasma.
The bullfrog looks even sicker.
You kill the bullfrog!
You are confused.
You feel invigorated. The yak gores you!
* * * LOW HITPOINT WARNING * * *
A demonic guardian appears!
You emit a cloud of foul miasma!
You see here a bullfrog corpse.
You bump into the rock wall.
The yak is engulfed in dark miasma.
The yak is poisoned.
The yak gores you.
* * * LOW HITPOINT WARNING * * *
You bump into the rock wall.
You whack the yak!
The yak is moderately wounded.
The yak is engulfed in dark miasma.
The yak looks even sicker.
The yak gores you!
You die...

#.# .. #.# .# # #.#
###.# #.. ... ....
###..####.# #.. #.
.......#.# #.# ..#
#..##.#.###.###
...####..#...YsY@4..#
..P..........####.#.#
P...##......## #.# #
.P......Y..######.#
....#..............
.....>..#..####.###
P..†##..#..#
....##.....#
P............


You could see 2 yaks, a scorpion and a friendly ice devil (summoned).

Vanquished Creatures
  A wyvern (D:9)
  A water moccasin (D:6)
  2 ice beasts (D:6)
  3 ogres
  A phantom (D:5)
  2 bullfrogs
  2 scorpions
  4 crimson imps (D:3)
  2 hounds (D:5)
  An orc priest (D:5)
  An orc wizard (D:9)
  A sleepcap (D:5)
  3 iguanas
  Robin (D:2)
  3 adders
  A shadow imp (D:5)
  3 worms
  2 dart slugs
  14 orcs
  4 endoplasms
  A giant cockroach (D:4)
  13 goblins
  7 hobgoblins
  10 jackals
  4 kobolds
  2 quokkas
  5 ball pythons
  A bat (D:2)
  3 rats
98 creatures vanquished.

Vanquished Creatures (collateral kills)
  A black bear (D:2)
  An ogre (D:6)
  A phantom (D:6)
  A hound (D:6)
  A jelly (D:5)
  2 orc priests (D:6)
  An adder (D:6)
  A shadow imp (D:6)
  An orc (D:9)
  A goblin (D:2)
11 creatures vanquished.

Vanquished Creatures (others)
  A goblin (D:2)
1 creature vanquished.

Grand Total: 110 creatures vanquished

Notes
Turn   | Place    | Note
-------+----------+-------------------------------------------
     0 | D:1      | innerfire43 the Demonspawn Monk began the quest for the
                  | Orb.
     0 | D:1      | Reached XP level 1. HP: 18/18 MP: 1/1
   236 | D:1      | Gained mutation: A weak demonic guardian rushes to your
                  | aid. [demonic ancestry]
   236 | D:1      | Reached XP level 2. HP: 24/24 MP: 2/2
   341 | D:1      | Found Emicucw's Armour Shop.
   352 | D:1      | Bought a +0 tower shield for 49 gold pieces
   831 | D:1      | Gained mutation: A demonic guardian rushes to your aid.
                  | [demonic ancestry]
   831 | D:1      | Reached XP level 3. HP: 29/29 MP: 3/3
  1083 | D:2      | Reached skill level 1 in Maces & Flails
  1083 | D:2      | Reached skill level 1 in Shields
  1127 | D:2      | Noticed a black bear
  1133 | D:2      | Killed a black bear
  1134 | D:2      | Reached skill level 2 in Maces & Flails
  1134 | D:2      | Reached XP level 4. HP: 13/35 MP: 4/4
  1261 | D:2      | Gained mutation: You may rarely emit foul miasma when
                  | damaged in melee. [demonic ancestry]
  1261 | D:2      | Reached XP level 5. HP: 40/41 MP: 5/5
  1309 | D:2      | Noticed Robin
  1329 | D:2      | Killed Robin
  1583 | D:2      | Found Jephanux's Weapon Emporium.
  2061 | D:3      | Found a shimmering altar of Xom.
  2073 | D:3      | Reached skill level 3 in Maces & Flails
  2092 | D:3      | Reached XP level 6. HP: 27/47 MP: 6/6
  2744 | D:4      | Found a basalt altar of Yredelemnul.
  3246 | D:4      | Reached skill level 4 in Maces & Flails
  3438 | D:5      | Entered Level 5 of the Dungeon
  3554 | D:5      | Gained mutation: You sometimes emit foul miasma when
                  | damaged in melee. [demonic ancestry]
  3554 | D:5      | Reached XP level 7. HP: 52/52 MP: 7/7
  3705 | D:5      | Identified the +1 pair of gloves of Honour {Harm *Corrode
                  | rElec rN++}
  3995 | D:5      | Reached skill level 5 in Maces & Flails
  3995 | D:5      | Reached skill level 5 in Shields
  5038 | D:6      | Gained mutation: You have an unusually large brain. (Int
                  | +2) [demonic ancestry]
  5038 | D:6      | Reached XP level 8. HP: 46/58 MP: 8/8
  5306 | D:6      | Reached skill level 6 in Maces & Flails
  5834 | D:6      | Found a staircase to the Ecumenical Temple.
  5922 | D:6      | Reached skill level 5 in Dodging
  6047 | D:6      | You fall into a shaft and drop 3 floors!
  6056 | D:9      | Reached skill level 7 in Maces & Flails
  6194 | D:8      | Slain by a yak

Illustrated notes

Levels and vault maps discovered:
D:1:      minmay_arrival_jagged, layout_loops_corners, serial_shops, shop,
          minmay_pentomino_p4
D:2:      layout_loops_ring, serial_shops, shop, uniq_robin
D:3:      layout_basic, led_xom_imps, minmay_misc_feat_room
D:4:      layout_basic, mainiacjoe_overflow_concentric_impassable
D:5:      layout_layer_cave, glass_columns_a, st_stairs_5
D:6:      layout_loops_ring, lemuel_temple_firewalk_b, uniq_crazy_yiuf_cottage
D:8:      layout_basic, grunt_lair_entry_orc_guard_hut
D:9:      layout_small_grid, serial_bayou_pond_a, st_stairs_2, uniq_maurice

Skill      XL: |  1  2  3  4  5  6  7  8 |
---------------+-------------------------+-----
Axes           | 3 |  3.0
Maces & Flails | 2 3 4 5 7 |  7.2
Shields        | 2 3 4 5 |  5.2
Dodging        | 3 5 |  5.7
Fighting       | |  3.2

Action                     |  1- 3 |  4- 6 |  7- 9 || total
---------------------------+-------+-------+-------++-------
  Melee: Hand axe          |    22 |       |       ||    22
         Whip              |    39 |   116 |   113 ||   268
    Use: Scroll            |       |       |    12 ||    12
         Potion            |       |       |     2 ||     2
   Stab: Sleeping          |       |     1 |       ||     1
         Distracted        |       |       |     1 ||     1
 Armour: Robe              |    12 |     5 |     8 ||    25
  Dodge: Dodged            |    24 |    32 |    38 ||    94
  Block: Tower shield      |    29 |    75 |    82 ||   186

Table legend: (Time is in decaauts)
 A = Elapsed time spent in this place.
 B = Non-inter-level travel time spent in this place.
 C = Inter-level travel time spent in this place.
 D = Time resting spent in this place.
 E = Time spent auto-exploring this place.
 F = Levels seen in this place.
 G = Mean time per level.
                   A        B        C        D        E       F      G
               +--------+--------+--------+--------+--------+-----+--------+
         Total |   6267 |   6086 |    181 |      0 |   5027 |   8 |  783.4 |
       Dungeon |   6267 |   6086 |    181 |      0 |   5027 |   8 |  783.4 |
               +--------+--------+--------+--------+--------+-----+--------+

Top non-repeatable levels by time:
     D:5: 1536 daAuts
     D:6: 1093 daAuts
     D:2: 1046 daAuts
     D:1: 991 daAuts
     D:3: 729 daAuts
     D:4: 728 daAuts
     D:9: 119 daAuts
     D:8: 23 daAuts
